 Dungeon Crawl Stone Soup version 0.29.1-15-g9cfb28693d (webtiles) character file.

Game seed: 11588034826117487111

674 EarthwalkerPL the Chopper (level 7, -8/61 HPs)
             Began as a Minotaur Fighter on Mar 21, 2023.
             Was an Initiate of Okawaru.
             Killed by divine providence
             ... invoked by an orc priest
              (13 damage)
             ... on level 6 of the Dungeon.
             The game lasted 00:06:00 (4790 turns).

EarthwalkerPL the Chopper (Minotaur Fighter)        Turns: 4790, Time: 00:06:01

Health: -8/61      AC:  7    Str: 22    XL:     7   Next: 33%
Magic:  6/6        EV: 11    Int:  5    God:    Okawaru [......]
Gold:   226        SH:  5    Dex: 16    Spells: 6/6 levels left

rFire   + . .      SeeInvis .   a - +0 war axe
rCold   + . .      Faith    .   c - +0 buckler
rNeg    . . .      Spirit   .   b - +0 scale mail
rPois   .          Reflect  .   (helmet restricted)
rElec   .          Harm     .   f - scarf {rC+ rF+}
rCorr   .          Rampage  .   (no gloves)
Will    .....                   (no boots)
Stlth   ..........              (no amulet)
HPRegen 0.20/turn               D - ring of flight
MPRegen 0.10/turn               u - +6 ring of dexterity

@: marked, flying
A: horns 2, retaliatory headbutt
a: Renounce Religion


You were on level 6 of the Dungeon.
You worshipped Okawaru.
Okawaru was noncommittal.
You visited 2 branches of the dungeon, and saw 7 of its levels.

You collected 226 gold pieces.

Inventory:

Hand Weapons
 a - a +0 war axe (weapon)
Missiles
 i - 2 javelins
 m - 5 curare-tipped darts (quivered)
 q - 6 poisoned darts
 A - 3 boomerangs
Armour
 b - a +0 scale mail (worn)
 c - a +0 buckler (worn)
 f - a scarf of resistance (worn)
Jewellery
 r - a ring of willpower
 u - a +6 ring of dexterity (right hand)
 z - a +6 ring of strength
 D - a ring of flight (left hand)
Wands
 x - a wand of roots (10)
Scrolls
 g - 5 scrolls of identify {unknown}
 h - a scroll of summoning {unknown}
 l - a scroll of vulnerability {unknown}
 p - 3 scrolls of torment {unknown}
 t - a scroll of enchant weapon {unknown}
 v - 3 scrolls of fear {unknown}
 w - a scroll of fog {unknown}
 y - 2 scrolls of noise {unknown}
 C - a scroll of magic mapping {unknown}
Potions
 d - 2 potions of might
 e - 5 potions of heal wounds {unknown}
 j - a potion of haste {unknown}
 k - 2 potions of berserk rage {unknown}
 n - 4 potions of curing {unknown}
 o - 2 potions of degeneration {unknown}
 s - a potion of lignification {unknown}
 B - a potion of flight {unknown}


   Skills:
 + Level 5.3 Fighting
 * Level 6.1 Axes
 + Level 5.3 Armour
 + Level 3.0 Dodging
 + Level 5.3 Shields


You had 6 spell levels left.
You didn't know any spells.
Your spell library contained the following spells:

 Spells                   Type           Power      Damage    Failure   Level
 Ensorcelled Hibernation  Hex/Ice        0%         N/A       95%         2
 Spider Form              Tmut/Pois      0%         N/A       99%         3
 Anguish                  Hex/Necr       0%         N/A       100%        4
 Fireball                 Conj/Fire      0%         3d3       100%        5
 Eringya's Noxious Bog    Tmut/Pois      0%         N/A       100%        6
 Starburst                Conj/Fire      0%         6d3       100%        6
 Ignition                 Fire           0%         3d3       100%        8
 Summon Forest            Summ/Tloc      Unusable   N/A       N/A         5
 Summon Hydra             Summ           Unusable   N/A       N/A         7

Dungeon Overview and Level Annotations

Branches:
Dungeon (6/15)             Temple (1/1) D:5

Altars:
Ashenzari
Cheibriados
Dithmenos
Fedhas
Gozag
Kikubaaqudgha
Makhleb
Nemelex Xobeh
Okawaru
Ru
Sif Muna
Uskayaw
Vehumet
Wu Jian
Xom
Yredelemnul
The Shining One

Shops:
D:4 :


Innate Abilities, Weirdness & Mutations

You have a pair of horns on your head.
You reflexively headbutt those who attack you in melee.


Message History

The orc priest looks braver for a moment.
Something hits you but does no damage. The adder closely misses you.
You slash the adder!
You kill the adder!
Okawaru accepts your kill.
You hit something. Something hits you but does no damage.
The adder bites you but does no damage.
You miss the adder. You slash something! The adder bites you.
* * * LOW HITPOINT WARNING * * *
Something hits you but does no damage. The adder bites you but does no damage.
An orc wizard comes into view. It is wielding a +0 dagger.
Unknown command.
You slash the adder!
You kill the adder!
Okawaru accepts your kill.
You miss something. Something hits you but does no damage.
An ice beast comes into view.
A sky beast appears from thin air!
Reactivating autopickup.
The sky beast hits you.
* * * LOW HITPOINT WARNING * * *
The sky beast shocks you.
* * * LOW HITPOINT WARNING * * *
The hound bites you but does no damage.
You completely miss the hound. You closely miss the sky beast.
The hound closely misses you.
An orc comes into view. It is wielding a +0 dagger.
The sky beast flickers out of sight!
Deactivating autopickup; reactivate with Ctrl-A.
Something hits you but does no damage.
Unknown command.
You slash the hound! You headbutt the hound.
The hound is severely wounded.
You hit something.
The hound pauses to sniff the ground.
The hound closely misses you. The hound bites you but does no damage.
Something hits you but does no damage.
The orc priest invokes the aid of Beogh against you.
Beogh smites you!
You die...

##. .....######
#....)...#
###.####Y####
#.s{)# ####@# #h#
##F##
#.######.lo####..
#.......o#oo.....
#####.##<.o.###..
#..##.#.#
##...#.#.#
##......#.#


You could see an ice beast, a bullfrog, a scorpion, an iguana, a hound, an orc
priest, an orc wizard and 2 orcs.

Vanquished Creatures
  Eustachio (D:4)
  An ogre (D:6)
  A phantom (D:5)
  A scorpion (D:5)
  A hound (D:6)
  Natasha (thrice) (D:3)
  2 orc wizards
  A gnoll (D:3)
  5 adders
  An ufetubus (D:4)
  2 worms (D:3)
  A dart slug (D:4)
  9 orcs
  3 endoplasms
  5 giant cockroaches
  7 goblins
  2 hobgoblins
  2 jackals (D:5)
  10 kobolds
  4 quokkas
  8 ball pythons
  7 bats
  6 frilled lizards
  3 rats
86 creatures vanquished.

Vanquished Creatures (others)
  A plant (D:1)
1 creature vanquished.

Grand Total: 87 creatures vanquished

Notes
Turn   | Place    | Note
-------+----------+-------------------------------------------
     0 | D:1      | EarthwalkerPL the Minotaur Fighter began the quest for the
                  | Orb.
     0 | D:1      | Reached XP level 1. HP: 19/19 MP: 0/0
   175 | D:1      | You fall into a shaft and drop 1 floor!
   321 | D:1      | Reached XP level 2. HP: 27/27 MP: 1/1
   513 | D:1      | Reached skill level 3 in Axes
   997 | D:2      | Reached XP level 3. HP: 33/33 MP: 2/2
  1260 | D:2      | Found a faded altar of an unknown god.
  1497 | D:3      | Reached XP level 4. HP: 38/40 MP: 3/3
  1573 | D:3      | Noticed Natasha
  1580 | D:3      | Killed Natasha
  1581 | D:3      | Reached skill level 4 in Axes
  1581 | D:3      | Reached skill level 1 in Dodging
  1966 | D:3      | Noticed Natasha
  1973 | D:3      | Killed Natasha
  2156 | D:3      | Noticed Natasha
  2161 | D:3      | Killed Natasha
  2162 | D:3      | Reached XP level 5. HP: 41/47 MP: 4/4
  2643 | D:4      | Found a broken altar of Ashenzari.
  2827 | D:4      | Found Bunalomp's Vocational Training.
  3192 | D:4      | Noticed Eustachio
  3206 | D:4      | Killed Eustachio
  3207 | D:4      | Reached skill level 5 in Axes
  3207 | D:4      | Reached XP level 6. HP: 47/55 MP: 5/5
  3673 | D:5      | Entered Level 5 of the Dungeon
  3691 | D:5      | Found a staircase to the Ecumenical Temple.
  3698 | Temple   | Entered the Ecumenical Temple
  3922 | D:5      | Found an iron altar of Okawaru.
  3927 | D:5      | Became a worshipper of Warmaster Okawaru
  4011 | D:5      | Reached skill level 5 in Shields
  4073 | D:5      | Reached skill level 5 in Fighting
  4073 | D:5      | Reached skill level 5 in Armour
  4409 | D:5      | Found a shimmering blue altar of Sif Muna.
  4768 | D:6      | Reached XP level 7. HP: 30/61 MP: 6/6
  4773 | D:6      | Reached skill level 6 in Axes
  4790 | D:6      | Killed from afar by an orc priest

Illustrated notes

Levels and vault maps discovered:
D:1:      lightli_arrival_quake, layout_basic, serial_bayou_crossing
D:2:      layout_basic, basic_ecumenical_altar, minmay_hedge_maze,
          chequers_serial_rivers_large_b
D:3:      minmay_recursive_quarters, layout_loops_corners, uniq_natasha
D:4:      layout_basic, ashenzari_conservatory_becter, nicolae_shop_vocational,
          uniq_eustachio
D:5:      layout_loops_corners, okawaru_gym_becter, led_sif_book,
          minmay_temple_entry_tees
D:6:      layout_loops_ring, tgw_trog, uniq_duvessa, uniq_crazy_yiuf_cottage
Temple:   zaba_magenta_temple

Skill      XL: |  1  2  3  4  5  6  7 |
---------------+----------------------+-----
Axes           | 3 4 5 6 |  6.1
Fighting       | 4 5 |  5.3
Armour         | 4 5 |  5.3
Shields        | 4 5 |  5.3
Dodging        | 1 2 3 |  3.0

Action                   |  1- 3 |  4- 6 |  7- 9 || total
-------------------------+-------+-------+-------++-------
Melee: War axe           |    63 |   103 |    18 ||   184
       Headbutt          |     8 |    15 |     6 ||    29
Throw: Dart              |       |     2 |       ||     2
       Javelin           |       |     2 |       ||     2
Armor: Scale mail        |    38 |    45 |    15 ||    98
Dodge: Dodged            |    43 |    50 |    10 ||   103
Block: Buckler           |    10 |    19 |     6 ||    35
